 Dungeon Crawl Stone Soup version 0.21-a0-178-g0b87683 (webtiles) character file.

2 MackTheKnife the Magician (level 1, 0/14 HPs)
             Began as a Formicid Wanderer on Aug 9, 2017.
             Slain by a hobgoblin
             ... wielding a +0 club
              (1 damage)
             ... on level 1 of the Dungeon.
             The game lasted 00:00:26 (135 turns).

MackTheKnife the Magician (Formicid Wanderer)        Turns: 135, Time: 00:00:27

Health: 0/14       AC:  2    Str: 14    XL:     1   Next: 44%
Magic:  0/4        EV: 11    Int: 12    God:
Gold:   14         SH:  0    Dex: 11    Spells: 5/6 levels left

rFire    . . .     SeeInvis +   e - +0 club
rCold    . . .     Gourm    .   (no shield)
rNeg     . . .     Faith    .   d - +0 robe
rPois    .         Spirit   .   (helmet unavailable)
rElec    .         Reflect  .   (no cloak)
rCorr    .         Harm     .   (no gloves)
MR       .....                  (no boots)
Stlth    ++........             (no amulet)
HPRegen  0.04/turn              (no ring)
MPRegen  0.09/turn              (no ring)

@: very slightly contaminated
A: permanent stasis, dig shafts and tunnels, four strong arms, antennae 3
a: Dig, Shaft Self


You were on level 1 of the Dungeon.
You were not hungry.

You visited 1 branch of the dungeon, and saw 1 of its levels.

You collected 14 gold pieces.

Inventory:

Hand Weapons
 e - a +0 club (weapon)
Armour
 d - a +0 robe (worn)
Scrolls
 g - a scroll of magic mapping {unknown}
 j - a scroll of identify {unknown}
Potions
 h - a potion of heal wounds {unknown}
 i - a potion of ambrosia {unknown}
Books
 a - a book of Minor Magic
 b - the Collected Works on the Blaze

   Spells                             Type                      Level
   a - Flame Tongue                   Conjuration/Fire             1
   b - Ignite Poison                  Fire/Transmutation/Poison    3
 c - the Papyrus of Snow

   Spells                             Type                      Level
   a - Throw Frost                    Conjuration/Ice              2
   b - Ensorcelled Hibernation        Hexes/Ice                    2
Comestibles
 f - a bread ration {@e1}


   Skills:
 + Level 0.9 Fighting
 - Level 1.0 Throwing
 - Level 1.2 Stealth
 - Level 3.2 Spellcasting
   Level 2.1 Transmutations
   Level 1.0 Ice Magic
   Level 2.6 Poison Magic


You had 5 spell levels left.
You knew the following spells:

 Your Spells              Type           Power        Failure   Level  Hunger
z - Magic Dart            Conj           #...         24%         1    #......


Dungeon Overview and Level Annotations

Branches:
Dungeon (1/15)

Altars:


Innate Abilities, Weirdness & Mutations

You cannot be hasted, slowed, berserked, paralysed or teleported.
You can dig through walls and to a lower floor.
Your four strong arms can wield two-handed weapons with a shield.
You have a pair of large antennae on your head. (SInv)


Message History

Welcome, MackTheKnife the Formicid Wanderer.
The bosom of this dungeon contains the fabled artefact, the Orb of Zot.
Found a staircase leading out of the dungeon.
Memorise Magic Dart, consuming 1 spell level and leaving 5?
You start memorising the spell.
You continue memorising.
You finish memorising.
Spell assigned to 'a'.
You open the door.
There is an open door here.
You sense a monster nearby.
You sense a monster nearby.
You now have 14 gold pieces.
g - a scroll labeled RUZARA HORGHUOGOGU
h - a ruby potion You open the door.
There is an open door here.
A goblin comes into view.
A goblin is nearby!
A goblin is nearby!
A goblin is nearby!
Aim: a goblin (resting)
The magic dart hits the goblin.
The goblin shouts!
You now have 3/4 mp.
Aim: a goblin (heavily wounded)
The magic dart hits the goblin.
You kill the goblin!
Health restored: 14 You now have 2/4 mp.
You can't see any susceptible monsters within range! (Use Z to cast anyway.) Unknown command.
Unknown command.
Adjust (i)tems, (s)pells, or (a)bilities?
Adjust which spell? a - Magic Dart Adjust to which letter? z - Magic Dart
i - a blue potion
j - a scroll labeled ITTARPH SUODWUO You see here a leather armour.
A hobgoblin comes into view. It is wielding a club.
A hobgoblin is nearby!
A hobgoblin is nearby!
Aim: a hobgoblin, wielding a club (resting)
The magic dart hits the hobgoblin.
The hobgoblin shouts!
Aim: a hobgoblin, wielding a club (moderately wounded)
The magic dart hits the hobgoblin.
Aim: a hobgoblin, wielding a club (heavily wounded)
The magic dart hits the hobgoblin.
You now have 0/4 mp.
You don't have enough magic to cast that spell.
You don't have enough magic to cast that spell.
You don't have enough magic to cast that spell.
You barely miss the hobgoblin. The hobgoblin barely misses you. x2
You barely miss the hobgoblin. The hobgoblin barely misses you.
You hit the hobgoblin. The hobgoblin barely misses you.
You hit the hobgoblin.
You kill the hobgoblin!
No target in view!
No target in view!
You see here a club.
Found a glowing helmet.
You regained 2 mp, and now have 3/4 mp.
You see here a glowing helmet.
You see here a glowing helmet.
You see here a goblin corpse.
You sense a monster nearby.
You see here 12 stones.
A hobgoblin comes into view. It is wielding a club.
The hobgoblin shouts!
MP restored: 4 A hobgoblin is nearby!
A hobgoblin is nearby!
Aim: a hobgoblin, wielding a club The magic dart hits the hobgoblin.
The hobgoblin hits you with a club.
You take 5 damage, and have 9/14 hp.
MASSIVE DAMAGE!!
You now have 3/4 mp.
Aim: a hobgoblin, wielding a club (moderately wounded)
The magic dart hits the hobgoblin.
The hobgoblin hits you with a club.
You take 2 damage, and have 7/14 hp.
You now have 2/4 mp.
Aim: a hobgoblin, wielding a club (moderately wounded)
You miscast Magic Dart.
You are very lightly contaminated with residual magic.
You smell something strange.
The hobgoblin hits you with a club.
* * * LOW HITPOINT WARNING * * *
Aim: a hobgoblin, wielding a club (moderately wounded)
The magic dart hits the hobgoblin.
The hobgoblin hits you with a club.
You die...

#.... #.### #######.##.
#..........
###########.#####.##.
..................[..
######.........#####.##.
..?............#####.##.
.......@....(........##.
####.#g######..###.#.##.
#. #..# #.#.##. #. #..#
#†#.### #. #..###.#.# #
#. #......#.# #.#.
######.###.#.#
#.#...............###
##....................


You could see a hobgoblin.

Vanquished Creatures
  A goblin (D:1)
  A hobgoblin (D:1)
2 creatures vanquished.

Notes
Turn   | Place    | Note
-------+----------+-------------------------------------------
     0 | D:1      | MackTheKnife the Formicid Wanderer began the quest for the Orb.
     0 | D:1      | MackTheKnife set off with: a book of Minor Magic, the Collected Works on the Blaze, the Papyrus of Snow, a +0 robe, a +0 club, a bread ration {@e1}
     0 | D:1      | Reached XP level 1. HP: 13/13 MP: 4/4
     0 | D:1      | Identified the Collected Works on the Blaze
     0 | D:1      | Identified the Papyrus of Snow
     2 | D:1      | Learned a level 1 spell: Magic Dart
   134 | D:1      | HP: 1/14 [hobgoblin/club (6)]
   135 | D:1      | Slain by a hobgoblin

Vault maps used:
D:1:      dpeg_arrival_renting

Action                   || total
-------------------------++-------
Melee: Club              ||     4
 Cast: Magic Dart        ||     8
Dodge: Dodged            ||     4

Vault maps used:
D:1:      dpeg_arrival_renting

Table legend:
 A = Turns spent in this place as a percentage of turns spent in the entire game.
 B = Non-inter-level travel turns spent in this place as a percentage of non-inter-level travel turns spent in the entire game.
 C = Inter-level travel turns spent in this place as a percentage of turns spent in this place.
 D = Turns resting spent in this place as a percentage of non-inter-level travel turns spent in this place.
 E = Turns spent auto-exploring this place as a percentage of non-inter-level travel turns spent in this place.
 F = Non-inter-level travel turns spent in this place divided by the number of levels of this place that you've seen.
                   A       B       C       D       E      F
               +-------+-------+-------+-------+-------+----------------------
         Total | 100.0 | 100.0 |   0.0 |   0.0 |  25.0 |  44.0
       Dungeon | 100.0 | 100.0 |   0.0 |   0.0 |  25.0 |  44.0
               +-------+-------+-------+-------+-------+----------------------

Table legend:
 A = Kills in this place as a percentage of kills in entire the game.
 B = Kills by you in this place as a percentage of kills by you in the entire game.
 C = Kills by friends in this place as a percentage of kills by friends in the entire game.
 D = Other kills in this place as a percentage of other kills in the entire game.
 E = Experience gained in this place as a percentage of experience gained in the entire game.
 F = Experience gained in this place divided by the number of levels of this place that you have seen.
                   A       B       C       D       E      F
               +-------+-------+-------+-------+-------+----------------------
         Total | 100.0 | 100.0 |  -nan |  -nan | 100.0 |   4.0
       Dungeon | 100.0 | 100.0 |  -nan |  -nan | 100.0 |   4.0
               +-------+-------+-------+-------+-------+----------------------
